 Dungeon Crawl Stone Soup version 0.28.0-45-g0d030f2227 (webtiles) character file.

Game seed: 3791693134871274852

35 jimonade the Chiller (level 3, -1/25 HPs)
             Began as a Gnoll Ice Elementalist on Apr 8, 2022.
             Slain by Sigmund
             ... wielding a +0 scythe
              (3 damage)
             ... on level 2 of the Dungeon.
             The game lasted 00:04:09 (1381 turns).

jimonade the Chiller (Gnoll Ice Elementalist)       Turns: 1381, Time: 00:04:10

Health: -1/25      AC:  8    Str:  9    XL:     3   Next: 35%
Magic:  4/9        EV: 13    Int: 14    God:
Gold:   48         SH:  0    Dex: 12    Spells: 5/12 levels left

rFire   . . .      SeeInvis .   i - +0 dagger
rCold   . . .      Faith    .   (no shield)
rNeg    . . .      Spirit   .   a - +0 robe
rPois   .          Reflect  .   (no helmet)
rElec   .          Harm     .   (no cloak)
rCorr   .          Rampage  .   (no gloves)
Will    .....                   (no boots)
Stlth   ++........              (no amulet)
HPRegen 0.08/turn               f - ring of wizardry
MPRegen 0.11/turn               (no ring)

@: ice-armoured
A: fangs 1, strong nose, distributed training
a: no special abilities


You were on level 2 of the Dungeon.
You visited 1 branch of the dungeon, and saw 2 of its levels.

You collected 48 gold pieces.

Inventory:

Hand Weapons
 i - a +0 dagger (weapon)
Missiles
 d - 47 arrows
 h - 5 poisoned darts
 j - 7 stones
 k - 14 bolts
Armour
 a - a +0 robe (worn)
 e - a +0 ring mail
Jewellery
 f - a ring of wizardry (left hand)
 l - the ring of Wishful Thinking {Fire Contam Will+++}
   (You found it on level 2 of the Dungeon)

   [ring of fire]

   It enhances your fire magic.
   rF:        It protects you from fire.
   rC:        It makes you vulnerable to cold.
   Contam:    It causes magical contamination when unequipped.
   Will:      It greatly increases your willpower.
Scrolls
 g - 3 scrolls of amnesia {unknown}
Potions
 b - 2 potions of might {unknown}
 c - a potion of attraction {unknown}


   Skills:
 + Level 0.7 Fighting
 + Level 0.7 Short Blades
 + Level 0.7 Long Blades
 + Level 0.7 Axes
 + Level 0.7 Maces & Flails
 + Level 0.7 Polearms
 + Level 0.7 Staves
 + Level 0.7 Slings
 + Level 0.7 Bows
 + Level 0.7 Crossbows
 + Level 0.7 Throwing
 + Level 0.7 Armour
 + Level 4.5 Dodging
 + Level 4.1 Stealth
 + Level 0.7 Shields
 + Level 0.7 Unarmed Combat
 + Level 5.0 Spellcasting
 + Level 0.5 Conjurations
 + Level 0.5 Hexes
 + Level 0.5 Summonings
 + Level 0.5 Necromancy
 + Level 0.5 Translocations
 + Level 0.5 Transmutations
 + Level 0.5 Fire Magic
 + Level 7.1 Ice Magic
 + Level 0.5 Air Magic
 + Level 0.5 Earth Magic
 + Level 0.5 Poison Magic
 + Level 0.9 Invocations
 + Level 0.7 Evocations


You had 5 spell levels left.
You knew the following spells:

 Your Spells              Type           Power      Damage    Failure   Level
a - Freeze                Ice            92%        1d10      1%          1
b - Frozen Ramparts       Ice            46%        1d6       1%          3
c - Ozocubu's Armour      Ice            23%        N/A       1%          3

Your spell library contained the following spells:

 Spells                   Type           Power      Damage    Failure   Level
 Hailstorm                Conj/Ice       14%        3d5       16%         4


Dungeon Overview and Level Annotations

Branches:
Dungeon (2/15)

Altars:

Annotations:
D:2 Sigmund


Innate Abilities, Weirdness & Mutations

You have very sharp teeth.
Your uncanny sense of smell can sniff out nearby items.
Your experience applies equally to all skills.


Message History

The adder is severely wounded.
The wall freezes the adder.
You kill the adder!
The frozen ramparts melt away.
You see here an adder corpse.
You now have 48 gold pieces (gained 1).
There is a stone staircase leading up here.
Sigmund is nearby!
Sigmund shouts!
There is a stone staircase leading up here.
There is a stone staircase leading up here.
There is a stone staircase leading up here.
Casting: Frozen Ramparts (safe; 1% risk of failure)
Confirm with . or Enter, or press ? or * to list all spells.
Casting: Frozen Ramparts (safe; 1% risk of failure)
Press: ? - help, Dir - look around, f - activate The walls around you are covered in ice.
The wall freezes Sigmund.
Sigmund hits you from afar with a +0 scythe!
Casting: Frozen Ramparts (safe; 1% risk of failure)
Confirm with . or Enter, or press ? or * to list all spells.
A film of ice covers your body!
The wall freezes Sigmund.
Sigmund misses you.
The wall freezes Sigmund.
Sigmund mumbles some strange words.
Sigmund flickers and vanishes!
Deactivating autopickup; reactivate with Ctrl-A.
The wall freezes something.
You hear some strange, mumbled words.
A puff of flame appears from out of thin air!
The puff of flame misses you.
The wall freezes something.
Something barely misses you.
The wall freezes something.
A magic dart appears from out of thin air!
The magic dart hits you.
The wall freezes something.
Something hits you!
* * * LOW HITPOINT WARNING * * *
The frozen ramparts melt away.
Something hits you but does no damage. Something hits you.
You die...

.# #..#######..#### .#
#..............# .#
##.#######..##.# .#
##.#######..##.# .#
#...........##.########
.#
#.#####...............#
.#########.#
#..#.##..#.####.#
...........#
#.##.##.###.###.#
##########.# #@##...##
##....#
#.#####.#####.###.##..#
#.....{.# #..#.###..#
####.#### #.#.## #..#
#<# #.#.# #..# ##.#
#.#.# #..#
##..########.#.# #..#
##............#.####..#
#.....##@......#......#


There were no monsters in sight!

Vanquished Creatures
  An adder (D:2)
  A dart slug (D:1)
  2 endoplasms (D:1)
  3 giant cockroaches (D:1)
  3 goblins (D:1)
  4 hobgoblins
  3 ball pythons
  A bat (D:1)
  A frilled lizard (D:1)
  2 kobolds (D:1)
  2 rats
23 creatures vanquished.

Notes
Turn   | Place    | Note
-------+----------+-------------------------------------------
     0 | D:1      | jimonade the Gnoll Ice Elementalist began the quest for the
                  | Orb.
     0 | D:1      | Reached XP level 1. HP: 13/13 MP: 6/6
   290 | D:1      | Reached XP level 2. HP: 19/19 MP: 5/7
   368 | D:1      | Found a faded altar of an unknown god.
  1041 | D:2      | Noticed Sigmund
  1054 | D:1      | Reached XP level 3. HP: 24/25 MP: 7/9
  1170 | D:2      | Identified the ring of Wishful Thinking {Fire Contam
                  | Will+++}
  1177 | D:2      | Reached skill level 5 in Spellcasting
  1185 | D:2      | Learned a level 3 spell: Frozen Ramparts
  1189 | D:2      | Learned a level 3 spell: Ozocubu's Armour
  1381 | D:2      | Slain by Sigmund

Illustrated notes

Levels and vault maps discovered:
D:1:      eino_arrival_cavern_e, layout_basic, shapermc_ecumenical_altar_venn,
          minivault_4
D:2:      layout_loops_ring, uniq_sigmund

Skill      XL: |  1  2  3 |
---------------+----------+-----
Spellcasting   | 5 |  5.0
Fighting       | |  0.7
Short Blades   | |  0.7
Long Blades    | |  0.7
Axes           | |  0.7
Maces & Flails | |  0.7
Polearms       | |  0.7
Staves         | |  0.7
Slings         | |  0.7
Bows           | |  0.7
Crossbows      | |  0.7
Throwing       | |  0.7
Armour         | |  0.7
Dodging        | |  4.5
Stealth        | |  4.1
Shields        | |  0.7
Unarmed Combat | |  0.7
Conjurations   | |  0.5
Hexes          | |  0.5
Summonings     | |  0.5
Necromancy     | |  0.5
Translocations | |  0.5
Transmutations | |  0.5
Fire Magic     | |  0.5
Ice Magic      | |  7.1
Air Magic      | |  0.5
Earth Magic    | |  0.5
Poison Magic   | |  0.5
Invocations    | |  0.9
Evocations     | |  0.7

Action                   || total
-------------------------++-------
Melee: Unarmed           ||     3
       Dagger            ||     2
 Cast: Freeze            ||    28
       Frozen Ramparts   ||     2
       Ozocubu's Armour  ||     1
 Stab: Sleeping          ||     1
Armor: Robe              ||     4
Dodge: Dodged            ||    18
